[Event "44th Chess Olympiad Open 2022"]
[Site "Chennai"]
[Date "2022.08.01"]
[Round "4.38"]
[White "Cardoso Cardoso, Jose Gabriel"]
[Black "Lee, Jun Hyeok"]
[Result "1-0"]
[WhiteElo "2493"]
[BlackElo "2390"]
[Annotator "TA"]
[PlyCount "83"]
[EventDate "2022.??.??"]
[TimeControl "60"]

1. e4 c5 2. Nf3 d6 3. d4 cxd4 4. Nxd4 Nf6 5. Nc3 a6 6. Bg5 Nc6 7. Qd2 Nxd4 8. Qxd4 Qa5 {[%emt 0:00:06] B60:
Sicilian: Richter-Rauzer: Unusual Black 6th moves and 6...Bd7 without 7 Qd2.}
9. f4 e5 10. Qd2 Be7 {
[%emt 0:04:10] White is slightly better.} 11. O-O-O Be6 12. a3 (12. Bxf6 $14 Bxf6 13. f5 (13. Qxd6 Rd8
$15)) 12... exf4 (12... h6 $1 $11 13. Bxf6 Bxf6) 13. Bxf4 $14
{[%emt 0:00:11] [#]} Rd8 $146 ({Predecessor:} 13... O-O 14.
Nd5 Qxd2+ 15. Rxd2 Bxd5 16. exd5 Rfe8 17. Rd4 Ng4 18. Be2 Bf6 19. Rd2 Be5 20.
Bg5 Nf2 21. Re1 Ne4 {0-1 (21) Stachanczyk,J (2328)-Yuffa,D (2302) Olomouc 2011}
) 14. Bd3 d5 {[%emt 0:14:41] [#]} 15. Qe1 (
15. Nxd5 $1 $16 Qxd2+ 16. Bxd2) 15... dxe4 16. Nxe4 Qa4 (16... Qxe1 $14 17. Rdxe1 Nd5) 17. Be5 $16 O-O {[%emt 0:10:52][%cal Yd8d3] [#]} 18. Qg3 $1 Ng4 $14 19. Bc7 (19. Bd6 $1 $14
Bxd6 20. Nxd6) 19... Rd7 {[%emt 0:00:57][%cal Ye7a3] aiming for ...Bxa3!} (
19... Rxd3 $5 20. Qxd3 Qc6 $11) 20. h3 Ne3 21. Be5 Nf5 22. Qg4 Qc6 (22... b5 $1 $11) 23. Nf6+ Bxf6 24. Bxf6 g6 {[%emt 0:01:03] And now ..
.Ne3 would win.} 25. Qf4 {[%emt 0:06:16] Against Ne3} ({White should play} 25.
Be4 $14 Qc7 26. Qg5) 25... Rc8 ({Better is} 25... Qxg2 $11 26.
Be4 Qg3) 26. Bc3 $40 {[%emt 0:02:57] Qe5 is the strong threat. White mounts an
attack. This bishop pair is nice.} Qxg2 27. Qe5 Rxc3 $1 28. Qxc3 Ne3 29. Rde1 Nd5 30. Qe5 Rc7 $2 (30... Ne7 $16) 31. h4 $2
{[%emt 0:03:05] The board is on fire.} (31. Rhf1 $18 {is the precise move to
win.}) 31... Qf2 $16 32. Kb1 {[%emt 0:00:00] Strongly
threatening h5.} Qf4 33. Rhf1 Qxh4 (33... Qxe5 $16 34. Rxe5 Kg7) 34. Be4 $2 ({White
should try} 34. c4 $18 Qh3 35. Rd1 (35. cxd5 $2 Qxd3+ 36. Ka1 Qxd5 $19) (35.
Qd4 Rd7 $11)) 34... Rc5 {[%emt 0:00:28] [#]} (34... Rd7 $14) 35. Qb8+ $1 $18 Rc8 36. Qxb7 Qd8 (36... Rd8 37. Qxa6 Qe7) 37. Rd1 Rc5 38.
c4 {[%emt 0:00:39] Against Rb5} Nc3+ (38... Qe7 $142 39. Bxd5
Qxb7 40. Bxb7 Bxc4) 39. bxc3 Qh4 40. Bd5 Bxd5 41. Rxd5 Qe4+ 42. Ka1 {[%emt 0:00:04] Weighted Error Value: White=0.42/ Black=0.83}
1-0

[Event "44th Chess Olympiad Open 2022"]
[Site "Chennai"]
[Date "2022.08.01"]
[Round "4.38"]
[White "Sanchez, Sebastian Felipe"]
[Black "Ahn, Hongjin"]
[Result "1-0"]
[WhiteElo "2440"]
[BlackElo "2303"]
[Annotator "TA"]
[PlyCount "119"]
[EventDate "2022.??.??"]
[TimeControl "60"]

1. d4 d5 2. c4 e6 3. Nf3 Nf6 4. g3 Be7 5. Bg2 O-O 6. O-O dxc4 7. Qc2 b5 8. a4 {[%emt 0:00:17] E05:
Open Catalan: 5 Nf3 Be7.} b4 9. Nfd2 Nd5 10. Nxc4 {[%emt 0:02:02] The position is equal.} c5 11. Ne3 {[%emt 0:19:59] [#]} (11. dxc5 $14 Bxc5 12. b3) 11... cxd4 $146 ({Predecessor:} 11... Ba6 12. dxc5 Nd7 13. Nxd5 exd5 14. Bxd5
Rc8 15. c6 Ne5 16. Rd1 Nxc6 17. Qe4 Qe8 {1-0 (70) Zakhartsov,V (2483)-Abrekov,
M (2133) Obninsk 2022}) 12. Nxd5 exd5 13. Nd2 Ba6 14. Nb3 {[%emt 0:01:25] [#]} d3 (14... Nc6 $1 $15) 15. exd3 $14 Nd7 16. Bf4 Rc8 {[%emt 0:00:43] Prevents
Bc7.} 17. Qd2 Nc5 18. Nxc5 Bxc5 19. Rfe1 Be7 20. Be5 {
[%emt 0:15:22] White is more active.} Qd7 21. Bd4 Rfd8 22. Re5 Qb7 (22...
Qc7 $14) 23. Bh3 (23. Rae1 $16 Rc7 24. R5e2) 23... Bf6 24. Bxc8 Qxc8 25. Rc1 Qg4 {[%emt 0:01:17] [#]} (25... Qd7 $14 {deserves
consideration.}) 26. Qe3 (26. Qxb4 $1 $16 {[%cal Yh2h3]
aiming for h3!} Bxe5 27. Qe7) 26... Bxe5 $11 27. Qxe5 {
[%emt 0:00:04] Strongly threatening Rc6.} h6 28. f3 Qg5 29. Qxg5 hxg5 $14 {[%emt 0:00:02]
Endgame KRB-KRB} 30. Rd1 Rd7 31. Kf2 Rc7 32. Ke3 f6 33. b3 Kf7 34. Kd2 Ke6 35. Rh1 Kd6 36. h4 $1 gxh4 37. Rxh4 Bc8 38. Be3 {[%emt 0:01:49] And now Bf4+ would win.} Rb7 {[%emt 0:00:03] 
[#]} 39. Rh8 $1 Be6 40. Bd4 Kc6 41. Ra8 Rc7 42. Rxa7 ({Avoid the trap} 42. Bxa7 $2 Kb7 43. Re8 Bf7
44. Rb8+ Kxa7 $19) 42... Rxa7 43. Bxa7 $16 {[%emt 0:00:06] d4
is the strong threat. KB-KB} Bf7 $2 {[%emt 0:00:00] [#] This move loses the
game for Black.} (43... d4 $14) 44. d4 $1 $18 Bh5 45. g4 Bg6 46. Bc5 Bb1 (46... f5 $142 47. g5 Be8 48. Bxb4 Bd7) 47. Bxb4 f5 48. Bc5 {[%emt 0:00:00] Threatening mate with b4.}
fxg4 49. fxg4 {[%emt 0:00:00] White mates.} Kb7 50. b4 Ka6 51. Bf8 g6 52. Be7 Be4 53. b5+ Kb7 54. Kc3 g5 55.
Kb4 Bf3 56. a5 Bxg4 57. a6+ Kb6 58.
Bc5+ Kc7 59. b6+ Kc6 60. b7 {[%emt 0:00:00] Weighted Error Value:
White=0.09 (flawless) /Black=0.52} 1-0

[Event "44th Chess Olympiad Open 2022"]
[Site "Chennai"]
[Date "2022.08.01"]
[Round "4.38"]
[White "Kwon, Sehyun"]
[Black "Avila Pavas, Santiago"]
[Result "1/2-1/2"]
[WhiteElo "2225"]
[BlackElo "2453"]
[Annotator "TA"]
[PlyCount "183"]
[EventDate "2022.??.??"]
[TimeControl "60"]

1. e4 c5 2. Nf3 e6 3. c3 d5 4. exd5 Qxd5 5. d4 Nf6 6. Na3 a6 7. Nc4 Nbd7 8. Ne3 {[%emt 0:13:38] B22:
Sicilian: 2 c3.} Qc6 9. Bd3 b6 10. O-O {[%emt 0:00:01] [#]} Bd6 $146 ({Predecessor:} 
10... Bb7 11. Ne5 Qc7 12. Re1 Be7 13. N3g4 h5 14. Nxf6+ gxf6 15. Nxd7 Qxd7 16.
Be4 O-O-O {0-1 (37) Kazhgaleyev,M (2653)-Sasikiran,K (2664) Ha Long City 2009})
11. Re1 Bb7 (11... O-O $11) 12. Nc4 (12. Nf5 $1 $16) 12... Bc7 13. Nce5 $1 Bxe5 14. dxe5 Nd5 15. c4 Nb4 (15... Ne7 $1 $14) 16. Be4 $36 {[%emt 0:
00:00] White is on the roll.} Qc7 17. Bxb7 $1 Qxb7 18. Ng5 $1 Rd8 19. Ne4 O-O 20. Bg5 f6 21. Qf3 {[%emt 0:02:21] White is more active.} Rf7 (21... fxg5 $2 22. Nf6+ $1 gxf6 23. Qxb7 $18) (21... Kh8 $11 {
remains equal.} 22. exf6 Nxf6) 22. Nxf6+ Nxf6 23. Qxb7 Rxb7 24. exf6 {[%emt 0:00:06]
Threatens to win with f7+.} gxf6 (24... Rd6 $142) 25. Bxf6 Rd2 26. Bc3 Rc2 27. Re3 Rf7 28. f3 (28. Rxe6 Rfxf2
29. Kh1 (29. Re8+ Kf7 $17) 29... Rxg2 $15) 28... Rd7 (28... e5
$16 29. Bxe5 (29. Rxe5 Nd3 $16) 29... Re7) 29. a3 $18 (29.
Rxe6 $6 Nd3 $18) 29... Nc6 30. Rxe6 Nd4 {[#]} 31. Re8+ ({Much less strong is} 31. Rxb6 $6 Ne2+ 32. Kh1 Nxc3 $16) 31...
Kf7 32. Rae1 Rd6 $2 (32...
h6 {was necessary.} 33. h4 b5) 33. R1e7+ Kg6 34. Rg8+ Kh6 35. Bxd4 {[%emt 0:00:51] Intending Be3+ and mate.
} cxd4 {Endgame KRR-KRR} 36. Re4 (36. g4 $142 {g5+ would kill
now.} Rg6 37. Rd8) 36... Kh5 (36... Rg6 $18 37. Rxg6+ hxg6 38.
Rh4+ (38. Rxd4 Rxb2 39. Rd5 Rc2 $18) 38... Kg7 39. Rxd4 Rxb2) 37. Re5+ Kh6 {[%emt 0:00:02] [#]} 38. Re4 (38. g4 $142
$1 Rc1+ 39. Kf2 Rc2+ 40. Kg3 Rg2+ 41. Kxg2 Rg6 42. Rh5#) 38... Kh5 $1 39. g3 Rg6 40. Rxg6 hxg6 (40... Kxg6 41. Rxd4 Rxb2 42. Rd6+ Kg7 43. Rd7+
Kg6) 41. Rxd4 Rxb2 {[%emt 0:00:00] KR-KR} 42. c5 bxc5 43. Rd5+ Kh6 44.
Rxc5 Rb3 45. Ra5 Rxf3 46. Rxa6 Rc3 47. Kg2 Kh5 $2 (47... Rc2+ 48. Kh3 Kg5 49. Ra5+ Kf6)
48. Ra5+ Kh6 49. h4 Rd3 50. Kh3 Rc3 51. Ra7 Rd3 52. Kg4 Rc3 53.
Ra4 (53. a4 $142 Rc8 54. Kh3) 53... Rd3 (
53... Rc6 $142 54. Ra8 Rc4+ 55. Kh3 Kh7) 54. Kf4 (54. Ra8 $142
Rd4+ 55. Kh3) 54... Kh5 (54... Rc3 $142 55. Ra7 Rc4+ 56. Kf3
Rc8) 55. Ra5+ Kh6 56. Ra8 {[%emt 0:00:41] Strongly
threatening a4.} Rc3 (56... Rd4+ $142 57. Kf3 Rc4) 57. a4 Rc4+ 58. Ke5 Kh5 59. Ra6 $2 ({White must play} 59. a5 $18 Kg4 60. Ra6)
59... Rg4 $1 $11 60. Ra8 Rxg3 61. Rh8+ Kg4 62. Rh6 Ra3 $2 (62... Re3+ $11 63. Kd5 Kf5) 63. Rxg6+
$18 Kxh4 64. Ra6 Kg5 65. Kd5 $2 (65. a5 Ra2 66. Ra8) 65... Kf5 $2 (65... Rf3 66. Ra8 Rf5+ 67. Kd4 Kh6) 66. Kc4 Ke5 67. Kb4 $2 (67. a5 $18 {aiming for Rh6.}
Ke4 68. Re6+ Kf5 69. Rh6) 67... Ra1 $11 {[%emt 0:00:07] The position is equal.}
68. Rc6 Kd5 69. Rc2 Rb1+ 70. Ka5 Kd6 71. Ka6 Rb4 72. a5 Kd7 73.
Ka7 Rb5 74. a6 Rb1 75. Rh2 (75. Rg2 $5 ) 75... Kc7 76. Rh7+ Kc8 77. Rb7 Ra1 78. Rb4 Kc7 79. Rb6 (79. Rc4+ Kd6 80. Kb7 Rb1+ 81. Ka8 Kd5 $14) 79... Ra2 80. Rb4 Ra1 81. Rc4+ Kd7 82. Rc2 Ra3 83. Kb7 Rb3+ 84. Ka8 Ra3 85. a7 Rb3 $1 86. Rh2 Kc7 87. Rh7+ Kc8 88. Rh8+ Kc7 89. Rb8 Rc3 90. Rb7+ Kc8 91. Rb8+ Kc7 92. Rb7+ {[%emt 0:00:23] Black escapes into a draw.
Weighted Error Value: White=0.41/Black=0.45} 1/2-1/2

[Event "44th Chess Olympiad Open 2022"]
[Site "Chennai"]
[Date "2022.08.01"]
[Round "4.38"]
[White "Li, Georgiy"]
[Black "Valderrama Quiceno, Esteban Alb"]
[Result "0-1"]
[WhiteElo "1994"]
[BlackElo "2436"]
[Annotator "TA"]
[PlyCount "53"]
[EventDate "2022.??.??"]
[TimeControl "60"]

1. c4 Nf6 2. Nc3 e5 3. g3 c6 4. Bg2 d5 5. cxd5 cxd5 6. d4 exd4 7. Qxd4 Nc6 8. Qa4 {[%emt 0:02:43] 8.Qa4 scores better than 8.Qd1.} d4 9. Nb5 {[%emt 0:06:28] A23: English Opening: 1...e5 2 Nc3 Nf6 3 g3 c6.} (9.
Bxc6+ $15 bxc6 10. Ne4 (10. Qxc6+ $2 Bd7 $19)) 9... Bb4+ $17 10. Kf1 O-O 11. Bf4 {[%emt 0:00:00] [#]} (11.
Bg5 $17) 11... Nd5 $1 $19 12. Rd1 {[%emt 0:00:00] [#]} Bc5
$146 (12... Nxf4 $19 13. gxf4 Qb6) ({Predecessor:} 12... Nxf4
13. gxf4 Qb6 14. Nf3 Rd8 15. Ne5 Nxe5 16. fxe5 Bd7 17. Qxb4 Bxb5 18. Ke1 a5 {
1-0 (27) Bitalzadeh,A (2434)-Jens,J (2356) Germany 2009}) 13. Qc4 Nxf4 14. gxf4 {[%emt 0:16:37] [#]} (14. Qxc5 $15 Nxg2 15.
Kxg2) 14... Qb6 (14... Bb6 $1 $19 {has better winning chances.
Hoping for ...Qf6.} 15. Be4 (15. Bxc6 $2 bxc6 16. Qxc6 Bd7 $19) 15... Be6) 15.
b4 $2 (15. Nc7 $17 Qxc7 16. Qxc5) 15... Nxb4 {[%emt 0:04:50]
aiming for ...Be6.} ({Avoid the trap} 15... Bxb4 $2 16. Bxc6 Qxc6 17. Qxc6 bxc6
18. Rxd4 $19) 16. Nxd4 Rd8 {[%emt 0:00:57] Black is clearly
winning.} 17. Ngf3 (17. e3 $142 Be6 18. Nxe6 Rxd1+ 19. Ke2
fxe6 20. Kxd1 Bxe3 21. Nh3 (21. fxe3 $2 Qxe3 22. Qc7 Qd3+ 23. Ke1 Nc2+ 24. Qxc2
Qxc2 $19) 21... Bxf2 22. Nxf2 Qxf2 23. Qxb4 Rd8+ 24. Kc1 Qxg2 25. Re1) 17...
Be6 18. Qc3 Rac8 19. a3 Na2 20. Qd3 Bxd4 {[%emt 0:00:
20] A strong pair of Bishops.} 21. Ng5 g6 {[%emt 0:00:20]
White must now prevent ...Bf6.} 22. Nxe6 Qxe6 23. Bh3 Qc6 24. Rg1 {[%emt 0:00:
58] [#]} Bxf2 $1 25. Qxd8+ (25. Bd7 Qb6)
25... Rxd8 26. Rxd8+ Kg7 27.
Rg5 {[%emt 0:01:30] Weighted Error Value: White=0.93/Black=0.18 (very precise)}
0-1

[Event "44th Chess Olympiad Open 2022"]
[Site "Chennai"]
[Date "2022.08.01"]
[Round "4.39"]
[White "Gomez, John Paul"]
[Black "Ribbegren, Karl Johan"]
[Result "1-0"]
[WhiteElo "2451"]
[BlackElo "2198"]
[Annotator "TA"]
[PlyCount "65"]
[EventDate "2022.??.??"]
[TimeControl "60"]

1. d4 Nf6 2. c4 g6 3. Nc3 Bg7 4. e4 d6 5. f4 O-O 6. Nf3 e5 7. fxe5 {
[%emt 0:02:14] 7.fxe5 is better than 7.dxe5.} dxe5 8. d5 c6 {[%emt 0:02:27] has lost popularity (8...Na6).} 9. Bg5 {
[%emt 0:03:53][%cal Yc1g5,Yg5h4,Yh4f2,Yf2g1] E76: King's Indian: Four Pawns
Attack: Lines specific to 6 Nf3 move-order.} (9. Nxe5 $2 Re8 10. Nf3 (10. Bf4
$2 Nxe4 11. Nxe4 Bxe5 $19) 10... Nxe4 11. Nxe4 Rxe4+ 12. Be2 Qb6 $17) 9... h6 10. Bh4 Nbd7 11. Bd3 {
[%emt 0:02:11] White is slightly better.} g5 (11... Qb6 $11)
12. Bf2 $14 Ng4 13. Bg1 {[%emt 0:00:21] [#]
White is more active.} f5 $146 ({Predecessor:} 13... cxd5 14.
cxd5 f5 15. Nd2 Ndf6 16. Qb3 fxe4 17. Ndxe4 Nxe4 18. Nxe4 Bf5 19. O-O-O Nf6 20.
Nxf6+ Qxf6 {1-0 (46) Luce,S (2340)-Bush,C Kecskemet 1989}) 14. dxc6 (14. exf5 e4 15. Nxe4 (15. Bxe4 Bxc3+ 16. bxc3 Re8 $17) 15... cxd5 16.
cxd5 Nde5 $14) 14... bxc6 15. Qe2 (15. exf5
e4 16. Nxe4 (16. Bxe4 Bxc3+ 17. bxc3 Qe7 $19) 16... Nde5 $15) 15... Qa5 16. O-O-O {[%emt 0:04:43] White wants to play Bc2.} (16. Nd2 $5 ) 16... Nc5 17. Bxc5 Qxc5 18. exf5 e4 (18... Nf2 $11 {
remains equal.}) 19. Nxe4 $16 (
19. Bxe4 $2 Bxc3 20. bxc3 Rb8 $19) 19... Qa5 (19... Qxf5 $16 {
was called for.} 20. Ng3 Qf4+ 21. Kb1 Rb8) 20. h3 $18 Nf6 21. Nd4 {[%emt 0:20:02] And now Rhf1 would win.} Qxa2 (21... Nxe4 {keeps fighting.} 22. Qxe4 (22. Bxe4 Qxa2 23. Nxc6 Qa1+ 24.
Kd2 Qxb2+ 25. Ke1 Qc3+ 26. Kf1 Be6 $16) 22... Bxd4 23. Qxd4 Bxf5) 22. Bb1 Qa1 (22... Qa4 $142 23. Nc5 Qa5) 23. Nc5 {
[%emt 0:01:11] Ndb3 is the strong threat. Pair of Knights!} Re8 24. Qc2 {[%emt 0:00:52] Threatens to win with Ndb3.} Rb8 (
24... Qa5 $142) 25. Ndb3 ({Don't blunder} 25. Nxc6 $2 {[#]}
Bxf5 $1 26. Rd3 Nd7 $1 $19) 25... Rxb3 26. Nxb3 Qa6 27. Rhe1 Rxe1 28.
Rxe1 Qb6 29. g4 a5 30. c5 {[%emt 0:01:22] White is clearly winning.} Qb4 {[%emt 0:00:21]
Prevents Qc4+.} 31. Nd2 Kh8 32. Qc4 Qb8 33. Qf7 {[%emt 0:02:25] Weighted Error Value:
White=0.13 (very precise) /Black=0.50} 1-0

[Event "44th Chess Olympiad Open 2022"]
[Site "Chennai"]
[Date "2022.08.01"]
[Round "4.39"]
[White "Bersamina, Paulo"]
[Black "Van Hoolandt, Patrick"]
[Result "1-0"]
[WhiteElo "2429"]
[BlackElo "2044"]
[Annotator "TA"]
[PlyCount "95"]
[EventDate "2022.??.??"]
[TimeControl "60"]

1. e4 e5 2. Nf3 Nc6 3. Bc4 Bc5 4. c3 Nf6 5. d4 exd4 6. e5 d5 7. Bb5 Ne4 8. cxd4 Bb6 9. Nc3 O-O 10. Be3 {[%emt 0:00:06] C54: Giuoco Piano: 4 c3 Nf6, main lines with 5 d4
and 5 d3.} Bg4 11. h3 Bh5 12. Qc2 {[%emt 0:00:07] The position is equal.} Bg6 {[%emt 0:01:31] ...Nxc3 is
the strong threat. 12...Nxc3 might become the main line.} 13. Qb3 Ne7 14. O-O c6 15. Bd3 Nd2 16. Nxd2 {[%emt 0:00:07] [#]} Bf5 $146 (16... Bxd3 $11 {and Black is okay.} 17. Rfe1 Bg6) ({
Predecessor:} 16... Bxd3 17. Rfe1 Ng6 18. Na4 Bf5 19. Rac1 f6 20. Nf3 Be4 21.
Nd2 Bf5 22. Nc5 fxe5 23. Nxb7 {0-1 (40) Robson,R (2681)-Aronian,L (2785) Saint
Louis 2022}) 17. Be4 $2 Bxe4 18. Rfe1 (18.
Ndxe4 $16 dxe4 19. Rfd1 (19. Nxe4 Qd5 $16)) 18... Bd3 (18...
Bg6 $11) 19. Na4 (19. Nxd5 $5 Qxd5 20. Qxd3 $11) 19... Nf5 $2 20. Nxb6 Ba6 21. Qc3 $2 Qxb6 (21... axb6 $14 22. Nf3 Nxe3 23. Rxe3 Re8
) 22. Nf3 Qc7 23. Qc2 Qd7 24. Rad1 Rfe8 25. Bc1 h6 26. b3 b6 27. Ba3 Rac8 28. g4 Qe6 29. Nh4 $4 (29. gxf5 $18 Qd7 30. Kh2) 29...
Ne7 $4 (29... Nxh4 $19 30. Qc3 g5) 30. f4 $18 {[%emt 0:03:56]
[%cal Yf2f4,Yf4f5] Black must now prevent f5.} c5 31. Qf2 {
[%emt 0:00:38] White is more active.} (31. dxc5 Qc6 $14) 31... cxd4 (31... Qc6 $16 {might work better.} 32. f5 Kh7) 32. f5 $1 Rc3 $2 (32... Qd7 33. e6 (33. Qxd4 Rc2 $16) 33... fxe6)
33. Bd6 $2 (33. fxe6 $18 fxe6 34. Rf1 $1 Bxf1 35. Rxf1) 33...
Qc8 {[#]} ({Black should try} 33... Qd7 $14) 34. Bxe7 ({Reject
} 34. e6 $6 f6 $14) (34. f6 $1 $16 Nc6 35. Nf5) 34... Rxe7 $11 35. f6 $36 {[%emt 0:00:00] White is more active.} Re8 {[%emt 0:10:41] [#]} ({
Don't take} 35... gxf6 36. Nf5 Re6 37. Nxh6+ Kf8 38. Qf5 Rg3+ 39. Kh2 $16) (
35... Re6 $1 $11) 36. Nf5 $1 $16 {[%emt 0:00:00] And now Qh4 would win.} ({
Worse is} 36. fxg7 Bd3 $11) 36... Qe6 $2 (36... Rxh3 $16 37.
fxg7 Qe6) 37. Nxg7 $18 Qc6 38. e6 Re3 39. Rxe3 dxe3 40. Qxe3 Rxe6 41. Nxe6 fxe6 42. Qxh6 {[%emt 0:01:19][%csl Gf6][%cal Rh6g7] Endgame KQR-KQB
} Qc7 {[%emt 0:00:01] Inhibits Qg7+.} 43. f7+ Qxf7 44. Re1 Qf3 45. Qxe6+ {[%emt 0:00:00]
White mates.} Kg7 46. Qd7+ Kh6 47. Re6+ Kg5 48. Qd8+ {[%emt 0:00:00]
Weighted Error Value: White=0.81/Black=1.20} 1-0

[Event "44th Chess Olympiad Open 2022"]
[Site "Chennai"]
[Date "2022.08.01"]
[Round "4.39"]
[White "Dornbusch, Tatiana"]
[Black "Barcenilla, Rogelio"]
[Result "1/2-1/2"]
[WhiteElo "2247"]
[BlackElo "2463"]
[Annotator "TA"]
[PlyCount "161"]
[EventDate "2022.??.??"]
[TimeControl "60"]

1. d4 Nf6 2. Nf3 g6 3. g3 Bg7 4. Bg2 O-O 5. O-O d6 6. c4 Nc6 7. Nc3 a6 8. h3 Rb8 9. e4 b5 10. cxb5 {
[%emt 0:00:51] 10.cxb5 was played by the boomers.} axb5 11.
Re1 b4 12. Nd5 {[%emt 0:01:10] E63: King's
Indian: Fianchetto: Panno Variation with 7...a6.} Ne8 13. Bg5 h6 14. Be3 {[%emt 0:14:11] [#] White is
slightly better.} Bd7 $146 ({Predecessor:} 14... e6 15. Nf4
Ne7 16. Rc1 Bb7 17. Qc2 Ra8 18. b3 Ra5 19. Bd2 Qa8 20. a4 bxa3 21. Bxa5 Qxa5 {
0-1 (55) Amanov,M (2495)-Becerra Rivero,J (2549) Philadelphia 2011}) 15. Qd2 g5 16. a3 Na5 17. Qc2 {[%emt 0:06:46] Against Nb3} (17. axb4 Nb3 18. Qe2 Nxa1 19. Rxa1 c6
$17) 17... b3 (17... bxa3 $14 {is more appropriate.} 18. Rxa3
Nc6) 18. Qc3 $16 Ra8 19. e5 c6 20. Nb4 {[%emt 0:00:59] White is much more
active.} Rc8 21. Rac1 Nc7 22. Bd2 Nb5 23. Qd3 Re8 (23... d5 $16 24. Nxd5 cxd5) 24. Na6 $18 {[%emt 0:03:04]
aiming for a4.} Be6 (24... Qb6 $142 25. Nc5 dxc5) 25. a4 Na7 26. Bb4 Nb7 27. exd6 exd6 28. Nd2 Qb6 29. Bc3 Na5 (29... Bd7 $142 30. Nb4 Rxe1+ 31. Rxe1 d5 32. Nxb3 Bf8) 30. Nb4 Bd7 31. Nc4 (31. Ne4 $18) 31... Nxc4
$16 32. Qxc4 Be6 33. Qd3 Bd7 34. Kh2 Rb8 (34... Ra8 $16) 35. Na6 ({White should try} 35. h4 $1 $18
) 35... Ra8 36. Nb4 (36. Rxe8+ $16 Rxe8 37.
Nb4) 36... Rxe1 (36... Rab8 $1 $11) 37. Rxe1 Nc8 {[%emt 0:00:21] [#]} (37... d5 $16) 38. a5 (38. d5 $1 $18
{[%cal Rd5c6] is the precise move to win.} c5 39. Nc6) 38... Rxa5 39. Nxc6 Ra4 {[%emt 0:00:26] [#]} (39... Rf5 $16) 40.
Ne7+ $2 (40. Bd5 $1 $18 {[%cal Yd3g6] Threatening mate with
Qg6!} Bxc6 41. Bxf7+ Kxf7 42. Qf5+ Kg8 43. Qxc8+ Kh7 44. Re7) 40... Nxe7 41. Rxe7 Qd8 42. Re2 Qb8 43. Re7 $40 {[%emt 0:02:51] White mounts
an attack.} Qd8 44. Re1 Qf6 45. Re2 ({Better is} 45. Kg1) 45... Ra1 46.
d5 Qf5 {[%emt 0:00:00] [#]} ({Black should play} 46... Qd8 $1
$14) 47. Re8+ $3 $18 Bf8 {[%emt 0:00:00] [#]} 48. Qd4 f6 49. g4 (49. Rd8 $142) 49... Qf4+ 50. Qxf4 gxf4 51. Rb8 f5 52. Bf3 {[%emt 0:
01:34] Rb7 is the strong threat.} fxg4 53. hxg4 (53. Bxg4 Bxg4 54. hxg4 Rd1 $16) 53... Kf7 54. Rb7 ({Don't take} 54. Rxb3 Be7 55. Rb7 Ke8 56. Rb8+ Kf7 $18) 54...
Ke8 55. Rxb3 Be7 56. Rb8+ Kf7 57. Rb7 Ke8 58. Rb4 Bg5 59. Bd2 (
59. Rb8+ $142 Ke7 60. Rb6) 59... Ra4 60. Rb8+ Ke7 61. Bc3 Ra1 $2 (61...
Bf6 $16 {was called for.} 62. Bxf6+ Kxf6) 62. Kg2 Rc1 63. Rb7 Kd8 64. Rb4 Ra1 65. Bd2 (65. Be2 $18 {is more
deadly.}) 65... Ra4 $2 (65... Bxg4 $16 66. Bxg4 (66. Bxf4
Bxf3+ 67. Kxf3 Bxf4 $16) 66... f3+ 67. Kxf3 Bxd2) 66. b3 Rxb4 67. Bxb4 {[%emt 0:00:03] Endgame KBB-KBB} Kc7 68. Be2 Be8 69. Ba5+ Kb7 70. Bb4 Kc7 $1 71. Kf3 Bg6 72. Bd2 Bc2 (72... h5 {might work better.} 73. Bc4 (73. Bxf4 hxg4+ 74. Kg3 Bf6 $18)
73... Bh6 74. Bxf4 hxg4+ 75. Kxg4 Bh5+ 76. Kg3 (76. Kxh5 Bxf4 77. Kg4 Bd2 $16)
76... Bg7) 73. Bc4 $2 (73. Bxf4 $18 Bxb3 74. Bxg5 hxg5 75. Ke4
) 73... Bd1+ $11 74. Ke4 Bc2+ 75. Bd3 Bxb3 76. Bxf4 Bxd5+ 77. Ke3 Kd7 {[%emt 0:00:29] The
position is equal.} 78. Bxg5 hxg5 79. f4 gxf4+ 80. Kxf4 Ke7 81. Bc2 {[%emt 0:00:06] White really could win this. Weighted Error
Value: White=0.31/ Black=0.41} 1/2-1/2

[Event "44th Chess Olympiad Open 2022"]
[Site "Chennai"]
[Date "2022.08.01"]
[Round "4.39"]
[White "Verdier, Patrice"]
[Black "Laylo, Darwin"]
[Result "0-1"]
[WhiteElo "2017"]
[BlackElo "2432"]
[Annotator "TA"]
[PlyCount "74"]
[EventDate "2022.??.??"]
[TimeControl "60"]

1. d4 Nf6 2. c4 g6 3. Nc3 d5 4. cxd5 Nxd5 5. e4 Nxc3 6. bxc3 Bg7 7. Bc4 c5 8. Ne2 Nc6 9. Be3 O-O 10. h4 Qa5 {[%emt 0:06:00] [#] aiming for ...cxd4. D87:
Exchange Grünfeld: Classical Line: Variations without ...cxd4.} 11. Kf1 Rd8 (11... h5 $11) 12. Qb3 e6
$1 {[%emt 0:06:18][%cal Rc5d4] [#] The position is equal.} 13. d5 $146 (13. dxc5 Ne5 14. Bg5 Nxc4 15. Qxc4 Re8 $15) ({Predecessor:} 
13. e5 Qc7 14. Qc2 Bd7 15. h5 cxd4 16. cxd4 Na5 17. Bd3 Qxc2 18. Bxc2 Bb5 19.
hxg6 hxg6 {1-0 (71) Pushkin,S-Kasantsev,A (2110) Odintsovo 2008}) 13... Ne5 {
[%emt 0:11:44][%cal Yb7b5] ...b5! is the strong threat.} 14. dxe6 Nxc4 15. exf7+ Kxf7 16.
Qxc4+ Be6 17. Qxc5 Qxa2 (17... Qxc5 18. Bxc5 Rd2 19. Nd4 $14) 18. Qc7+ $2 (18. Re1 $1 $15) 18... Kg8 $19 {[%emt 0:00:46] Really sharp!} 19. Re1 Bc4 $40 {[%emt 0:16:53] Black has strong attack. This bishop
pair is nice.} (19... Rd7 $19 20. Qc5 Bc4) 20. Bd4 $2 {[%emt 0:00:00] Now
White is beyond hope.} (20. f3 $17) 20... Bxd4 21. cxd4 Rxd4 (21... Rac8 $2 22. Qf4 Rxd4
23. Kg1 Bxe2 24. Qe5 $19) 22. Kg1 Rxe4 23. h5
{[%emt 0:00:57][%cal Yh5g6] Black must now prevent hxg6!} Rxe2 24. Rxe2 Bxe2 ({And not} 24... Qxe2 25. hxg6
Qe1+ 26. Kh2 $11) 25. hxg6 Qb1+ ({Don't take
} 25... hxg6 26. Qh7+ Kf8 27. Qh8+ Ke7 28. Qe5+ (28. Qxa8 Qa1+ 29. Kh2 Qe5+ 30.
Kg1 Qa1+ 31. Kh2 Qe5+ 32. Kg1 Qa1+ $11) 28... Kd7 29. Rh7+ Kc6 30. Qc7+ Kb5 31.
Qxb7+ Ka4 32. Rh4+ Ka5 33. Qxa8 Qa1+ 34. Kh2 Qe5+ 35. g3 $18) 26. Kh2 {[%emt 0:
00:01] Threatening mate with Qf7+.} Qxg6 27. Qxb7 Re8 (27... Rd8 $142 {( -> ... Qh5+)} 28. Qb3+ Qf7 29.
Qg3+ Qg7 30. Qb3+ Kh8) 28. Qxa7 Qh6+ 29. Kg1 Qc1+ 30. Kh2 Qf4+ 31. Kg1 {[%emt 0:02:12] [#]} Bh5 $1 32.
Qa2+ Bf7 33. Qa5 {[%emt 0:00:29]
Inhibits Re1+.} (33. Qb1 $19) 33... Re2 {[%emt 0:01:31] Black mates.} 34. Qa8+ Be8 35. Qd5+ Kg7 36. Qb7+ Bf7 37. f3 Qd4+ {[%emt 0:00:28] Weighted Error
Value: White=0.55/Black=0.16 (very precise)} 0-1